 Dungeon Crawl Stone Soup version 0.26.1-11-gd32895ea62 (webtiles) character file.

Game seed: 3965607361278700505

186 kodamatunes15 the Ruffian (level 5, -1/42 HPs)
             Began as a Ghoul Gladiator on May 26, 2021.
             Slain by a gnoll
             ... wielding a +0 flail
              (7 damage)
             ... on level 3 of the Dungeon.
             The game lasted 00:08:27 (2885 turns).

kodamatunes15 the Ruffian (Ghoul Gladiator)         Turns: 2885, Time: 00:08:28

Health: -1/42      AC:  9    Str: 18    XL:     5   Next: 66%
Magic:  4/4        EV:  8    Int: 10    God:
Gold:   144        SH:  0    Dex: 10    Spells: 4/4 levels left

rFire    . . .     SeeInvis .     - Unarmed
rCold    + . .     Faith    .   (no shield)
rNeg     + + +     Spirit   .   a - +0 chain mail
rPois    ∞         Reflect  .   b - +0 helmet
rElec    .         Harm     .   (no cloak)
rCorr    .         Rampage  .   (no gloves)
Will     .....                  (no boots)
Stlth    ..........             (no amulet)
HPRegen  0.00/turn              o - +6 ring of intelligence
MPRegen  0.09/turn              (no ring)

@: no status effects
A: claws 1, cold resistance 1, negative energy resistance 3, inhibited
regeneration, torment resistance, unbreathing
a: no special abilities


You were on level 3 of the Dungeon.
You visited 1 branch of the dungeon, and saw 3 of its levels.

You collected 144 gold pieces.

Inventory:

Hand Weapons
 k - a +0 short sword
Missiles
 c - 3 throwing nets (quivered)
Armour
 a - a +0 chain mail (worn)
 b - a +0 helmet (worn)
Jewellery
 d - an uncursed ring of magical power
 o - a +6 ring of intelligence (left claw)
Scrolls
 h - a scroll of remove curse
 j - 3 scrolls of teleportation
 m - a scroll of amnesia
Potions
 e - a potion of invisibility {unknown}
 f - a potion of attraction {unknown}
 g - a potion of lignification {unknown}
 i - a potion of brilliance {unknown}
 l - a potion of haste {unknown}
 n - a potion of mutation {unknown}
 p - a potion of ambrosia {unknown}


   Skills:
 + Level 2.4 Fighting
 + Level 1.8 Throwing
 + Level 2.1 Armour
 + Level 3.4 Dodging
 + Level 0.7 Stealth
 + Level 5.1 Unarmed Combat


You had 4 spell levels left.
You didn't know any spells.
Your spell library was empty.

Dungeon Overview and Level Annotations

Branches:
Dungeon (3/15)

Altars:


Innate Abilities, Weirdness & Mutations

You thrive by killing the living.
You are immune to poison.
You have sharp fingernails.
Your flesh is cold resistant. (rC+)
You are immune to negative energy. (rN+++)
You do not regenerate when monsters are visible.
You are immune to unholy pain and torment.
You can survive without breathing.


Message History

You feel better. The gnoll barely misses you.
The gnoll hits you with a +0 halberd!
* * * LOW HITPOINT WARNING * * *
Things that are here:
a +0 halberd; a gnoll corpse You barely miss the gnoll.
The gnoll completely misses you.
You closely miss the gnoll. You closely miss the gnoll.
The gnoll closely misses you.
You claw the gnoll! You claw the gnoll.
You kill the gnoll!
Your Armour skill increases to level 2!
The gnoll hits you with a +0 flail.
* * * LOW HITPOINT WARNING * * *
Things that are here:
a +0 halberd; a gnoll corpse You closely miss the gnoll.
The gnoll hits you but does no damage.
You scratch the gnoll.
The gnoll is moderately wounded.
The gnoll hits you with a +0 flail!
You die...

*,,,,,,,,..#####.#.###
*,,,,,,**.............
*,,,,,,**#.###########
*,****** #............
*,* #######...... *,*
#.##### *,* #.#
#.##############.#
#...g@)).........#
##################


You could see a gnoll.

Vanquished Creatures
  An orc priest (D:3)
  3 gnolls (D:3)
  6 adders
  A white imp (D:2)
  2 leopard geckos (D:1)
  4 orcs (D:3)
  2 ball pythons
  3 giant cockroaches
  9 goblins
  5 hobgoblins
  10 kobolds
  A quokka (D:2)
  7 bats
  5 frilled lizards
  8 rats
67 creatures vanquished.

Notes
Turn   | Place    | Note
-------+----------+-------------------------------------------
     0 | D:1      | kodamatunes15 the Ghoul Gladiator began the quest for the
                  | Orb.
     0 | D:1      | Reached XP level 1. HP: 17/17 MP: 0/0
   263 | D:1      | Reached XP level 2. HP: 18/24 MP: 1/1
   923 | D:1      | Reached XP level 3. HP: 29/29 MP: 2/2
  1687 | D:2      | Reached skill level 4 in Unarmed Combat
  1821 | D:2      | Reached skill level 1 in Armour
  1821 | D:2      | Reached XP level 4. HP: 34/36 MP: 3/3
  2186 | D:3      | Found a faded altar of an unknown god.
  2524 | D:3      | Reached XP level 5. HP: 25/42 MP: 4/4
  2554 | D:3      | Reached skill level 5 in Unarmed Combat
  2885 | D:3      | Slain by a gnoll

Illustrated notes

Levels and vault maps discovered:
D:1:      lemuel_arrival_river_bridge, layout_basic, minmay_pentomino_t4
D:2:      layout_loops_ring, grunt_ministairs_9
D:3:      kennysheep_the_goblin_king, layout_loops_ring,
          chequers_ecumenical_altar_simple_redux, roderic_lattice_a,
          grunt_gozag_statues

Skill      XL: |  1  2  3  4  5 |
---------------+----------------+-----
Dodging        | 3 |  3.4
Unarmed Combat | 4 5 |  5.1
Armour         | 1 2 |  2.1
Fighting       | |  2.4
Throwing       | |  1.8
Stealth        | |  0.7

Action                   |  1- 3 |  4- 6 || total
-------------------------+-------+-------++-------
Melee: Unarmed           |   116 |   115 ||   231
       Punch             |     2 |     1 ||     3
  Use: Scroll            |     4 |     4 ||     8
 Stab: Sleeping          |     1 |       ||     1
Armor: Leather armour    |    21 |       ||    21
       Ring mail         |    14 |       ||    14
       Chain mail        |    13 |    47 ||    60
Dodge: Dodged            |    84 |    55 ||   139
